 Dungeon Crawl Stone Soup version 0.20-a0-1126-g0f15420 (webtiles) character file.

26696 mopl the Basher (level 13, -3/102 HPs)
             Began as a Gnoll Berserker on May 17, 2017.
             Was the Champion of Trog.
             Slain by a warg (10 damage)
             ... led by an orc warlord
             ... on level 2 of the Orcish Mines.
             The game lasted 00:29:20 (12359 turns).

mopl the Basher (Gnoll Berserker)                  Turns: 12359, Time: 00:29:21

Health: -3/102     AC: 16    Str: 18    XL:     13   Next: 27%
Magic:  20/20      EV: 10    Int:  7    God:    Trog [******]
Gold:   1455       SH:  0    Dex: 17    Spells: 12/12 levels left

rFire    + . .     SeeInvis .   S - +0 dire flail
rCold    + . .     Gourm    .   (shield currently unavailable)
rNeg     . . .     Faith    .   x - +0 plate armour
rPois    .         Spirit   .   p - +0 helmet
rElec    .         Reflect  .   h - scarf {rC+ rF+}
rCorr    +         Harm     .   (no gloves)
MR       .....                  J - +0 pair of boots
Stlth    ..........             A - amulet of regeneration
Regen    0.7/turn               t - +5 ring of slaying {=R}
MPRegen  0.2/turn               w - ring of resist corrosion

@: slowed, drained, very slow
A: short attention span, fangs 1, strong nose
a: Berserk, Trog's Hand, Brothers in Arms, Burn Spellbooks, Renounce Religion


You were on level 2 of the Orcish Mines.
You worshipped Trog.
Trog was exalted by your worship.
You were very hungry.

You visited 3 branches of the dungeon, and saw 14 of its levels.

You collected 1483 gold pieces.
You spent 28 gold pieces at shops.

Inventory:

Hand Weapons
 a - a +0 morningstar
 S - a +0 dire flail (weapon)
Missiles
 q - 45 tomahawks (quivered)
 u - 7 needles of frenzy
 C - 9 javelins
 L - 6 poisoned javelins
 N - 4 throwing nets
 Q - 7 javelins of penetration
 Y - 2 steel tomahawks
Armour
 h - a scarf of resistance (worn)
 o - a +0 buckler
 p - a +0 helmet (worn)
 x - a +0 plate armour (worn)
 J - a +0 pair of boots (worn)
Jewellery
 k - an uncursed ring of flight
 t - a +5 ring of slaying (left hand) {=R}
 w - a ring of resist corrosion (right hand)
 y - an uncursed ring of protection from fire
 A - an amulet of regeneration (around neck)
Wands
 i - a wand of digging (0/24)
 l - a wand of confusion (26/48)
 v - a wand of polymorph (16/24)
 D - a wand of iceblast (5/15)
 K - a wand of flame (33/48)
 M - a wand of lightning (3/15)
 V - a wand of acid (6/15)
 X - a wand of iceblast (5/15)
Scrolls
 d - 2 scrolls of blinking {unknown}
 e - 8 scrolls of remove curse
 f - 2 scrolls of recharging {unknown}
 j - 5 scrolls of teleportation
 m - 4 scrolls of magic mapping {unknown}
 r - 2 scrolls of fog {unknown}
 s - 5 scrolls of noise {unknown}
 z - 2 scrolls of immolation {unknown}
 E - 6 scrolls of amnesia {unknown}
 F - 6 scrolls of fear {unknown}
 G - a scroll of enchant armour {unknown}
 H - 2 scrolls of summoning {unknown}
 U - 4 scrolls of identify
 Z - a scroll of holy word {unknown}
Potions
 g - 2 potions of might
 n - 3 potions of curing
 B - a potion of agility
 I - 2 potions of haste
 O - a potion of lignification {!q}
 P - 3 potions of heal wounds
 T - a potion of invisibility
 W - 2 potions of ambrosia
Books
 R - a book of Battle

   Spells                             Type                      Level
   a - Infusion                       Charms                       1
   b - Shroud of Golubria             Charms/Translocation         2
   c - Song of Slaying                Charms                       2
   d - Spectral Weapon                Hexes/Charms                 3
   e - Regeneration                   Charms/Necromancy            3
   Trog disapproves of the use of such an item.
Comestibles
 b - 6 chunks of flesh
 c - 13 bread rations


   Skills:
 + Level 9.7(9.1) Fighting
 * Level 11.1(10.5) Maces & Flails
 + Level 9.5(8.9) Throwing
 + Level 9.6(9.0) Armour
 + Level 9.6(9.0) Dodging
 + Level 9.5(8.8) Evocations


You had 12 spell levels left.
You didn't know any spells.

Dungeon Overview and Level Annotations

Branches:
Dungeon (10/15)            Temple (0/1) D:6            Lair (2/6) D:10
    Orc (2/2) D:9
  Swamp: Lair:2-4    Shoals: Lair:2-4     Snake: Lair:2-4    Spider: Lair:2-4
    Elf: Orc:2

Altars:
Cheibriados
Kikubaaqudgha
Okawaru
Qazlal
Sif Muna
Wu Jian
Beogh

Shops:
D:10 =

Annotations:
Lair:1 exclusion: oklob plant
Orc:2 1 exclusion


Innate Abilities, Weirdness & Mutations

You have a short attention span.
You have very sharp teeth.
Your uncanny sense of smell can sniff out nearby items.


Message History

The warg misses you.
You impale the orc warrior!!
You feel the power of Trog in you as your rage grows.
You kill the orc warrior!
Trog accepts your kill. The orc wizard closely misses you.
The orc warrior hits you with a dire flail.
* * * LOW HITPOINT WARNING * * *
The warg bites you but does no damage.
The orc wizard no longer looks unusually strong.
Things that are here:
a mace; a plate armour You feel a strong urge to attack something.
You feel your anger subside.
You are no longer berserk.
You are exhausted.
You feel yourself slow down.
The orc warrior no longer looks unusually strong.
There is an escape hatch in the ceiling here.
The warg bites you!
You die...

###..)......
###o.........
#.##.........
###o.{.........
##.)O).....#.#..
##..oo......###..
##.o.o.....####...
##.o...o......#....
#.@ho........###...
###...........###..
##.#.........#...
###.............
#.............
#..#.........<
####....<.....
##.........
#.........


You could see a warg, 2 orc warriors, an ogre, an orc priest, 3 orc wizards and
2 orcs.

Vanquished Creatures
  Gastronok (Lair:1)
  An orc warlord (Orc:2)
  Snorg (D:10)
  Josephine (Orc:2)
  A hydra (Lair:1)
  2 two-headed ogres
  Nergalle (Lair:1)
  Pikel (D:8)
  4 orc knights
  An orc sorcerer (Orc:1)
  An elephant (Lair:1)
  Psyche (D:8)
  A black mamba (Lair:1)
  7 spiny frogs
  A komodo dragon (Lair:2)
  A polar bear (Lair:2)
  5 trolls
  A hornet (D:9)
  2 hippogriffs
  6 blink frogs (Lair:1)
  3 wraiths (Orc:2)
  A wyvern (D:9)
  A spriggan (D:8)
  4 basilisks
  Eustachio (D:5)
  A hungry ghost (D:10)
  4 wargs
  6 water moccasins
  3 porcupines
  An ice beast (D:8)
  2 sky beasts
  A slave (D:8)
  21 orc warriors
  A black bear (D:9)
  6 phantoms
  9 ogres
  A necrophage (D:8)
  7 wolves
  A centaur (D:5)
  2 crocodiles
  10 bullfrogs
  6 scorpions
  10 wights
  2 howler monkeys (D:4)
  3 crimson imps
  3 centaur skeletons
  A hound (D:10)
  4 jellies
  2 gnoll shamans (D:6)
  11 orc priests
  19 orc wizards
  Jessica (D:2)
  Natasha (thrice) (D:2)
  6 iguanas
  Ijyb (D:5)
  6 worker ants
  Robin (D:2)
  42 gnolls
  A howler monkey skeleton (D:4)
  17 adders
  2 oozes (D:7)
  An adder zombie (D:8)
  2 worms
  A dart slug (D:2)
  8 leopard geckos
  86 orcs
  9 bats
  3 giant cockroaches
  12 goblins
  9 hobgoblins
  29 jackals
  3 quokkas
  5 frilled lizards
  2 jackal zombies (D:5)
  14 kobolds
  A leopard gecko skeleton (D:5)
  10 rats
  A fungus (Lair:1)
463 creatures vanquished.

Vanquished Creatures (others)
  A human (D:6)
  A worker ant (D:8)
  6 plants (Lair:1)
8 creatures vanquished.

Grand Total: 471 creatures vanquished

Notes
Turn   | Place    | Note
-------+----------+-------------------------------------------
     0 | D:1      | mopl the Gnoll Berserker began the quest for the Orb.
     0 | D:1      | Reached XP level 1. HP: 20/20 MP: 1/1
    11 | D:1      | Reached skill level 5 in Fighting
   143 | D:1      | Reached skill level 5 in Maces & Flails
   181 | D:1      | Reached XP level 2. HP: 26/27 MP: 2/2
   424 | D:1      | Reached skill level 4 in Armour
   857 | D:1      | Reached ** piety under Trog
   916 | D:1      | Reached XP level 3. HP: 31/33 MP: 3/3
  1206 | D:2      | Noticed Natasha
  1215 | D:2      | Killed Natasha
  1215 | D:2      | Reached skill level 1 in Throwing
  1215 | D:2      | Reached skill level 4 in Dodging
  1215 | D:2      | Reached XP level 4. HP: 39/39 MP: 4/4
  1270 | D:2      | Noticed Jessica
  1278 | D:2      | Killed Jessica
  1278 | D:2      | Reached skill level 6 in Maces & Flails
  1286 | D:2      | Noticed Robin
  1307 | D:2      | Killed Robin
  1307 | D:2      | Reached skill level 2 in Throwing
  1329 | D:2      | Noticed Natasha
  1351 | D:2      | Killed Natasha
  1351 | D:2      | Reached XP level 5. HP: 19/46 MP: 5/5
  1702 | D:2      | Reached skill level 6 in Fighting
  1702 | D:2      | Reached skill level 5 in Armour
  1744 | D:2      | Noticed Natasha
  1750 | D:2      | Killed Natasha
  1857 | D:2      | Found an ornate altar of the Wu Jian Council.
  1857 | D:2      | Found a faded altar of an unknown god.
  1865 | D:2      | Found a deep blue altar of Sif Muna.
  1867 | D:2      | Found an iron altar of Okawaru.
  1868 | D:2      | Found an ancient bone altar of Kikubaaqudgha.
  1870 | D:2      | Reached *** piety under Trog
  2287 | D:3      | Noticed a phantom
  2303 | D:3      | Killed a phantom
  2303 | D:3      | Reached skill level 3 in Throwing
  2303 | D:3      | Reached skill level 5 in Dodging
  2303 | D:3      | Reached skill level 1 in Evocations
  2303 | D:3      | Reached XP level 6. HP: 49/52 MP: 5/7
  2417 | D:3      | Reached skill level 7 in Maces & Flails
  2795 | D:4      | Noticed a phantom
  2831 | D:4      | Killed a phantom
  2831 | D:4      | Reached skill level 2 in Evocations
  2831 | D:4      | Reached XP level 7. HP: 59/59 MP: 8/8
  2888 | D:4      | Reached skill level 4 in Throwing
  2905 | D:4      | Reached skill level 6 in Armour
  2909 | D:4      | Reached skill level 3 in Evocations
  3637 | D:5      | Entered Level 5 of the Dungeon
  3643 | D:5      | Reached **** piety under Trog
  3666 | D:5      | Found a snail-covered altar of Cheibriados.
  3780 | D:5      | Reached skill level 7 in Fighting
  3780 | D:5      | Reached skill level 6 in Dodging
  3780 | D:5      | Reached skill level 4 in Evocations
  3780 | D:5      | Reached XP level 8. HP: 67/67 MP: 9/11
  3951 | D:5      | Reached skill level 8 in Maces & Flails
  3996 | D:5      | Reached skill level 5 in Throwing
  4093 | D:5      | Noticed Ijyb
  4096 | D:5      | Killed Ijyb
  4175 | D:5      | Noticed Eustachio
  4185 | D:5      | Killed Eustachio
  4349 | D:6      | Reached skill level 5 in Evocations
  4431 | D:6      | Reached skill level 7 in Armour
  4518 | D:6      | Found a staircase to the Ecumenical Temple.
  4536 | D:6      | Reached ***** piety under Trog
  4586 | D:6      | Reached skill level 6 in Throwing
  4586 | D:6      | Reached XP level 9. HP: 65/72 MP: 13/13
  4770 | D:6      | Reached skill level 7 in Dodging
  4788 | D:6      | Reached skill level 6 in Evocations
  4797 | D:6      | Received a gift from Trog
  4835 | D:6      | Found an ancient bone altar of Kikubaaqudgha.
  4901 | D:6      | Reached skill level 8 in Fighting
  4965 | D:6      | Received a gift from Trog
  4965 | D:6      | Reached skill level 9 in Maces & Flails
  5784 | D:7      | Reached skill level 7 in Throwing
  5865 | D:7      | Reached skill level 7 in Evocations
  6077 | D:7      | Reached XP level 10. HP: 77/81 MP: 15/15
  6301 | D:8      | Noticed Pikel
  6313 | D:8      | Killed Pikel
  6333 | D:8      | Reached skill level 8 in Armour
  6436 | D:8      | Received a gift from Trog
  6501 | D:8      | Noticed Psyche
  6510 | D:8      | Killed Psyche
  6510 | D:8      | Reached skill level 8 in Dodging
  7261 | D:9      | Found a staircase to the Orcish Mines.
  7363 | D:9      | Reached skill level 8 in Throwing
  7444 | D:9      | Noticed a two-headed ogre
  7450 | D:9      | Killed a two-headed ogre
  7450 | D:9      | Reached skill level 10 in Maces & Flails
  7450 | D:9      | Reached skill level 8 in Evocations
  7450 | D:9      | Reached XP level 11. HP: 87/87 MP: 15/17
  7766 | D:10     | Entered Level 10 of the Dungeon
  7847 | D:10     | Found Ziewyji's Jewellery Emporium.
  7855 | D:10     | Bought a cursed amulet of inaccuracy for 28 gold pieces
  7879 | D:10     | Found a staircase to the Lair.
  7887 | Lair:1   | Entered Level 1 of the Lair of Beasts
  7887 | Lair:1   | Noticed Nergalle
  7897 | Lair:1   | Killed Nergalle
  7948 | D:10     | Noticed Snorg
  7960 | D:10     | Killed Snorg
  7960 | D:10     | Reached skill level 9 in Fighting
  8173 | D:10     | Found a stormy altar of Qazlal.
  8189 | D:10     | Noticed a two-headed ogre
  8194 | D:10     | Killed a two-headed ogre
  8495 | Lair:1   | Received a gift from Trog
  8498 | Lair:1   | Noticed a seven-headed hydra
  8558 | Lair:1   | Noticed Gastronok
  8566 | Lair:1   | Killed Gastronok
  8566 | Lair:1   | Reached skill level 9 in Armour
  8739 | Lair:1   | Reached skill level 9 in Dodging
  8745 | Lair:1   | Received a gift from Trog
  8745 | Lair:1   | Reached XP level 12. HP: 46/95 MP: 18/18
  9143 | Lair:1   | Killed a seven-headed hydra
  9210 | Lair:1   | Reached skill level 9 in Throwing
  9428 | Lair:1   | Reached skill level 9 in Evocations
 10678 | Orc:1    | Entered Level 1 of the Orcish Mines
 10715 | Orc:1    | Found a roughly hewn altar of Beogh.
 10930 | Orc:1    | Received a gift from Trog
 11193 | Orc:2    | Entered Level 2 of the Orcish Mines
 11193 | Orc:2    | Noticed Josephine
 11202 | Orc:2    | Killed Josephine
 11213 | Orc:2    | Reached skill level 11 in Maces & Flails
 11426 | Orc:2    | Received a gift from Trog
 11553 | Orc:2    | Reached XP level 13. HP: 92/101 MP: 19/19
 11671 | Orc:2    | Reached ****** piety under Trog
 12195 | Orc:2    | Received a gift from Trog
 12301 | Orc:2    | Noticed an orc warlord
 12350 | Orc:2    | Killed an orc warlord
 12352 | Orc:2    | HP: 5/153 [orc warrior/glaive[an orc warlord] (13)]
 12359 | Orc:2    | Slain by a warg

Vault maps used:
D:1:      mrwooster_arrival_statue_3
D:2:      chequers_temple_overflow_minitemple, first_bread, minmay_distorted,
          uniq_natasha, uniq_jessica, uniq_robin
D:3:      kennysheep_six_static_rooms, item_on_display_a
D:5:      basic_altar, uniq_eustachio, uniq_ijyb
D:6:      lemuel_castle_with_subvaults, minmay_temple_entry_water_ring,
          tgw_kikubaaqudgha
D:8:      the_bakery, uniq_psyche, uniq_pikel
D:9:      hiddenorc1_lemuel
D:10:     lair_entry_dummy, serial_shops, shop,
          nicolae_qazlal_style_of_elements, uniq_snorg
Lair:1:   serial_bayou_pond_c, hangedman_lair_generics_rect, grunt_megastairs_4,
          minmay_lair_oklob_chamber, uniq_gastronok, uniq_nergalle
Lair:2:   infiniplex_staircase_pool, lemuel_fruit_fields
Orc:1:    basic_altar
Orc:2:    st_orc_pillars, minmay_orc_treasury, uniq_josephine

Skill      XL: |  1  2  3  4  5  6  7  8  9 10 11 12 |
---------------+-------------------------------------+-----
Fighting       | 5 6 7 8 9 |  9.7
Maces & Flails | 5 6 7 8 9 10 11 | 11.1
Armour         | 4 5 6 7 8 9 |  9.6
Throwing       | 1 2 3 4 6 7 8 9 |  9.5
Dodging        | 4 5 6 7 8 9 |  9.6
Evocations     | 1 2 4 5 7 8 9 |  9.5

Action                   |  1- 3 |  4- 6 |  7- 9 | 10-12 | 13-15 || total
-------------------------+-------+-------+-------+-------+-------++-------
Melee: Mace              |    75 |   166 |    12 |       |       ||   253
       Bite              |     5 |    15 |    42 |   106 |    29 ||   197
       Morningstar       |       |       |   377 |   679 |    42 ||  1098
       Dire flail        |       |       |       |       |   117 ||   117
Throw: Tomahawk          |       |       |       |     8 |       ||     8
Invok: Berserk           |     3 |     2 |     4 |    19 |     4 ||    32
       Trog's Hand       |       |       |       |     8 |     1 ||     9
Evoke: Wand              |       |       |       |     4 |       ||     4
  Use: Scroll            |       |     6 |     4 |     3 |       ||    13
  Eat: Chunk             |     3 |     7 |    16 |    30 |     7 ||    63
       Bread ration      |       |       |       |     2 |       ||     2
Armor: Animal skin       |     9 |       |       |       |       ||     9
       Chain mail        |     1 |    50 |       |       |       ||    51
       Plate armour      |       |    50 |   229 |   428 |   132 ||   839
Dodge: Dodged            |    54 |    73 |   197 |   399 |   130 ||   853
